 Dungeon Crawl Stone Soup version 0.20.0-8-g6b59dc7 (webtiles) character file.

1927 MackTheKnife the Thaumaturge (level 8, 0/41 HPs)
             Began as a Deep Elf Ice Elementalist on May 30, 2017.
             Was a Follower of Vehumet.
             Slain by a killer bee (4 damage)
             ... on level 7 of the Dungeon.
             The game lasted 00:22:00 (7890 turns).

MackTheKnife the Thaumaturge (DEIE)                 Turns: 7890, Time: 00:22:01

Health: 0/41       AC: 12    Str:  5    XL:     8   Next: 96%
Magic:  0/23       EV: 12    Int: 23    God:    Vehumet [*.....]
Gold:   183        SH:  0    Dex: 15    Spells: 14/25 levels left

rFire    . . .     SeeInvis .   s - +1 flail
rCold    . . .     Gourm    .   (no shield)
rNeg     . . .     Faith    .   w - +0 leather armour
rPois    .         Spirit   +   j - +2 helmet
rElec    .         Reflect  .   D - scarf {Spirit}
rCorr    .         Harm     .   (no gloves)
MR       +....                  B - +0 pair of boots
Stlth    ++........             (no amulet)
Regen    0.2/turn               h - +5 ring of protection
MPRegen  0.2/turn               r - ring of protection from magic

@: lethally poisoned (0 -> -2)
A: no striking features
a: Renounce Religion


You were on level 7 of the Dungeon.
You worshipped Vehumet.
Vehumet was aware of your devotion.
You were not hungry.

You visited 2 branches of the dungeon, and saw 8 of its levels.

You collected 183 gold pieces.

Inventory:

Hand Weapons
 s - a +1 flail (weapon)
 t - a +0 scythe
Armour
 j - a +2 helmet (worn)
 w - a +0 leather armour (worn)
 B - a +0 pair of boots (worn)
 D - a scarf of spirit shield (worn)
Jewellery
 g - an uncursed ring of see invisible
 h - a +5 ring of protection (left hand)
 r - a ring of protection from magic (right hand)
 A - an uncursed ring of fire
Wands
 y - a wand of random effects (44/48)
Scrolls
 i - a scroll of amnesia
 n - 5 scrolls of teleportation
 o - a scroll of enchant weapon
 q - 4 scrolls of remove curse
 z - 2 scrolls of recharging
 C - a scroll of immolation
 E - 2 scrolls of identify
Potions
 a - a potion of heal wounds {unknown}
 e - a potion of berserk rage {unknown}
 f - a potion of curing
 l - a potion of mutation {unknown}
 m - 2 potions of flight {unknown}
 p - 2 potions of haste {unknown}
 u - 2 potions of agility {unknown}
 v - a potion of brilliance {unknown}
Books
 b - a book of Frost

   Spells                             Type                      Level
   a - Freeze                         Ice                          1
   b - Throw Frost                    Conjuration/Ice              2
   c - Ozocubu's Armour               Charms/Ice                   3
   d - Throw Icicle                   Conjuration/Ice              4
   e - Summon Ice Beast               Ice/Summoning                4
Comestibles
 c - 5 bread rations
 d - 3 chunks of flesh
 k - 5 meat rations
 x - 6 fruits


   Skills:
 - Level 0.1 Fighting
 - Level 2.4 Dodging
 - Level 2.4 Stealth
 + Level 9.3 Spellcasting
 + Level 7.3 Conjurations
 + Level 3.8 Summonings
 - Level 6.9 Ice Magic


You had 14 spell levels left.
You knew the following spells:

 Your Spells              Type           Power        Failure   Level  Hunger
a - Throw Frost           Conj/Ice       #####.       1%          2    None
b - Throw Icicle          Conj/Ice       #####...     5%          4    ##.....
c - Summon Ice Beast      Ice/Summ       #####...     11%         4    ##.....
z - Freeze                Ice            ####         1%          1    None


Dungeon Overview and Level Annotations

Branches:
Dungeon (7/15)             Temple (1/1) D:4

Altars:
Ashenzari
Cheibriados
Fedhas
Gozag
Hepliaklqana
Makhleb
Okawaru
Qazlal
Ru
Trog
Vehumet
Yredelemnul

Annotations:
D:3 exclusion: ogre, Grinder
D:4 exclusion: downstairs
D:6 Dowan, Duvessa


Message History

The killer bee stings you but does no damage.
The killer bee misses you. The killer bee completely misses you.
Your leather armour prevents you from hitting the killer bee.
The killer bee is severely wounded.
You feel sick. The killer bee closely misses you. The killer bee misses you.
The killer bee completely misses you.
You feel better. The killer bee closely misses you. The killer bee stings you.
You are poisoned.
The killer bee poisons you!
Casting: Freeze
Confirm with . or Enter, or press ? or * to list all spells.
Aiming: Freeze
Press: ? - help, Shift-Dir - straight line, f/p - killer bee
Aim: a killer bee (severely wounded)
You freeze the killer bee.
The killer bee is severely wounded.
You feel sick. The killer bee stings you!
* * * LOW HITPOINT WARNING * * *
The killer bee stings you.
You die...

##..# #..(.. #..# #...#######
#....### .... #......†..#
#...... ##### ##......##.#
#....# #.......##.#####....#
#.......##....##....# ...# .
#...#..######.......###...# #.
#...#.....###y#.###.......#
#..###.#.###...[@#....###.....
#.†......# #..#######...).....
#..##)).[# #....[......._..._.
# #...[####...#.#.#.........
#.......)...#...##....⌠...
#...##.......##...........
#...##.#..##.##.#..._..._.
##.###.#...#.##.##........ #.#
#...###.##.##......##


You could see a killer bee.

Vanquished Creatures
  Sigmund (D:5)
  A phantom (D:5)
  2 ogres
  A centaur (D:6)
  4 bullfrogs (D:6)
  3 killer bees (D:7)
  2 howler monkeys
  An electric eel (D:6)
  2 crimson imps (D:5)
  2 hounds
  A bullfrog zombie (D:6)
  A jelly (D:5)
  An orc priest (D:5)
  A gnoll shaman (D:5)
  An iguana (D:5)
  5 worker ants
  10 orc wizards
  A hound skeleton (D:4)
  A worker ant zombie (D:5)
  10 adders
  3 gnolls (D:5)
  An adder skeleton (D:5)
  A worm (D:3)
  6 leopard geckos
  19 orcs
  12 giant cockroaches
  6 goblins
  7 hobgoblins
  6 jackals
  8 kobolds
  3 quokkas
  A ball python skeleton (D:5)
  7 bats
  7 frilled lizards
  A jackal skeleton (D:5)
  A leopard gecko skeleton (D:4)
  11 rats
151 creatures vanquished.

Vanquished Creatures (others)
  A plant (D:6)
1 creature vanquished.

Grand Total: 152 creatures vanquished

Notes
Turn   | Place    | Note
-------+----------+-------------------------------------------
     0 | D:1      | MackTheKnife the Deep Elf Ice Elementalist began the quest for the Orb.
     0 | D:1      | Reached XP level 1. HP: 10/10 MP: 6/6
     6 | D:1      | Noticed a salamander
     6 | D:1      | Noticed a swamp worm
     7 | D:1      | Noticed a black bear
     7 | D:1      | Noticed a rime drake
   166 | D:1      | Reached XP level 2. HP: 7/15 MP: 5/8
   281 | D:1      | Learned a level 2 spell: Throw Frost
   654 | D:1      | Reached XP level 3. HP: 19/19 MP: 4/9
  1462 | D:2      | Reached skill level 4 in Spellcasting
  1604 | D:3      | Noticed an ogre
  1650 | D:3      | Reached XP level 4. HP: 23/24 MP: 8/12
  1684 | D:3      | Learned a level 4 spell: Throw Icicle
  1725 | D:3      | Noticed Grinder
  2422 | D:3      | Found a sacrificial altar of Ru.
  2854 | D:4      | Reached XP level 5. HP: 24/28 MP: 8/14
  3268 | D:4      | Reached skill level 5 in Spellcasting
  3268 | D:4      | Reached skill level 5 in Ice Magic
  3425 | D:4      | Found a shattered altar of Ashenzari.
  3686 | D:4      | Found a staircase to the Ecumenical Temple.
  3692 | Temple   | Entered the Ecumenical Temple
  3706 | Temple   | Became a worshipper of Vehumet
  3849 | D:4      | Noticed an ogre
  3853 | D:4      | Killed an ogre
  3853 | D:4      | Reached XP level 6. HP: 32/32 MP: 6/16
  4141 | D:5      | Entered Level 5 of the Dungeon
  4444 | D:5      | Reached skill level 6 in Spellcasting
  4640 | D:5      | Reached XP level 7. HP: 28/36 MP: 13/18
  4876 | D:5      | Found a snail-covered altar of Cheibriados.
  5119 | D:5      | Noticed Sigmund
  5135 | D:5      | Killed Sigmund
  5135 | D:5      | Reached skill level 7 in Spellcasting
  5135 | D:5      | Reached skill level 5 in Conjurations
  5731 | D:5      | Reached XP level 8. HP: 37/41 MP: 2/21
  5733 | D:5      | Reached * piety under Vehumet
  5733 | D:5      | Offered knowledge of Shock by Vehumet.
  5979 | D:6      | Found an opulent altar of Gozag.
  5983 | D:6      | Noticed Duvessa
  6045 | D:6      | Learned a level 4 spell: Summon Ice Beast
  6053 | D:6      | Reached skill level 8 in Spellcasting
  6108 | D:6      | Reached skill level 1 in Summonings
  6614 | D:6      | Noticed Dowan
  7545 | D:7      | Found a hazy altar of Hepliaklqana.
  7549 | D:7      | Found a blossoming altar of Fedhas.
  7551 | D:7      | Found an iron altar of Okawaru.
  7551 | D:7      | Found a burning altar of Makhleb.
  7681 | D:7      | Reached skill level 9 in Spellcasting
  7890 | D:7      | Slain by a killer bee

Skill      XL: |  1  2  3  4  5  6  7  8 |
---------------+-------------------------+-----
Ice Magic      | 4 5 6 |  6.9
Conjurations   | 2 3 4 5 7 |  7.3
Spellcasting   | 4 5 6 7 9 |  9.3
Summonings     | 3 |  3.8
Fighting       | |  0.1
Dodging        | |  2.4
Stealth        | |  2.4

Action                   |  1- 3 |  4- 6 |  7- 9 || total
-------------------------+-------+-------+-------++-------
Melee: Dagger            |    34 |       |       ||    34
       Mace              |    31 |     2 |       ||    33
       Flail             |       |    54 |    83 ||   137
       Scythe            |       |       |     3 ||     3
 Cast: Freeze            |    48 |    40 |    62 ||   150
       Throw Frost       |    10 |    63 |    58 ||   131
       Throw Icicle      |       |       |     9 ||     9
Evoke: Wand              |       |     2 |     2 ||     4
  Use: Scroll            |       |     7 |     5 ||    12
       Potion            |       |       |     2 ||     2
 Stab: Sleeping          |     3 |       |       ||     3
       Distracted        |     1 |       |       ||     1
  Eat: Chunk             |     3 |     6 |    10 ||    19
       Royal jelly       |       |     1 |     1 ||     2
Armor: Robe              |    31 |       |       ||    31
       Leather armour    |    13 |    32 |    84 ||   129
Dodge: Dodged            |    81 |    63 |   106 ||   250
